 Dungeon Crawl Stone Soup version 0.30-a0-571-gdf30a72648 (webtiles) character file.

Game seed: 1004953304073544860

365 bobo the Gusty (level 6, -4/32 HPs)
             Began as a Tengu Air Elementalist on Dec 29, 2022.
             Slain by an iguana (10 damage)
             ... on level 4 of the Dungeon.
             The game lasted 00:11:48 (4590 turns).

bobo the Gusty (Tengu Air Elementalist)             Turns: 4590, Time: 00:11:49

Health: -4/32      AC:  5    Str: 13    XL:     6   Next: 68%
Magic:  5/12       EV: 14    Int: 17    God:
Gold:   280        SH:  0    Dex: 14    Spells: 4/12 levels left

rFire   . . .      SeeInvis .    i - +5 spear "Venai" {venom, Str+4}
rCold   . . .      Faith    .    (no shield)
rNeg    . . .      Spirit   .    a - +0 robe
rPois   .          Reflect  .    (helmet restricted)
rElec   .          Harm     .    e - +1 cloak {Will+}
rCorr   .          Rampage  .    j - +0 pair of gloves
Will    ++...                    (boots unavailable)
Stlth   ++                       (no amulet)
HPRegen 0.25/turn                c - ring of willpower
MPRegen 0.13/turn                (no ring)

@: swift, flying quickly and evasively, very quick
A: beak, talons 3, nimble flight
a: no special abilities


You were on level 4 of the Dungeon.
You visited 1 branch of the dungeon, and saw 4 of its levels.
You also visited: Sewer.

You collected 280 gold pieces.

Inventory:

Hand Weapons
 i - the +5 spear "Venai" (weapon) {venom, Str+4}
   (You found it on level 3 of the Dungeon)

   It poisons the flesh of those it strikes.
   Str:       It affects your strength (+4).
Armour
 a - a +0 robe (worn)
 e - a +1 cloak of willpower (worn)
 j - a +0 pair of gloves (worn)
Magical Staves
 k - a staff of cold
Jewellery
 c - a ring of willpower (left hand)
Scrolls
 h - 3 scrolls of enchant weapon
 o - a scroll of blinking
Potions
 b - a potion of magic
 f - 2 potions of might {unknown}
 g - 3 potions of curing {unknown}
 l - a potion of cancellation {unknown}
 m - a potion of ambrosia {unknown}
 n - a potion of attraction {unknown}
 p - a potion of degeneration {unknown}
 q - a potion of haste {unknown}
 r - a potion of resistance {unknown}
 t - a potion of flight {unknown}


   Skills:
 + Level 2.2 Dodging
 - Level 2.0 Stealth
 + Level 3.9 Spellcasting
 - Level 5.0 Conjurations
 + Level 6.4 Air Magic


You had 4 spell levels left.
You knew the following spells:

 Your Spells              Type           Power      Damage    Failure   Level
a - Shock                 Conj/Air       88%        1d8       1%          1
b - Swiftness             Air            25%        N/A       3%          3
c - Airstrike             Air            12%        2d(2-18)  11%         4

Your spell library contained the following spells:

 Spells                   Type           Power      Damage    Failure   Level
 Magic Dart               Conj           80%        1d7       1%          1
 Static Discharge         Conj/Air       44%        2-4/arc   2%          2
 Searing Ray              Conj           40%        2d5       3%          2
 Summon Small Mammal      Summ           12%        N/A       16%         1
 Hailstorm                Conj/Ice       11%        3d5       17%         3
 Call Canine Familiar     Summ           3%         N/A       43%         3
 Inner Flame              Hex/Fire       3%         N/A       43%         3
 Summon Guardian Golem    Hex/Summ       3%         N/A       43%         3
 Flame Wave               Conj/Fire      11%        2d6       50%         4
 Fulminant Prism          Conj/Hex       5%         3d6       50%         4
 Sticky Flame             Conj/Fire      11%        2d3       50%         4
 Ice Form                 Ice/Tmut       3%         N/A       85%         4
 Simulacrum               Ice/Necr       1%         N/A       100%        6


Dungeon Overview and Level Annotations

Branches:
Dungeon (4/15)             Temple (0/1) D:4           Sewer (visited)

Altars:


Innate Abilities, Weirdness & Mutations

You have a beak for a mouth.
You have claws for feet.
Your magical nature lets you fly swiftly and evasively.


Message History

The zap hits the endoplasm.
You kill the endoplasm!
Found a robe.
You see here a +0 robe.
A dart slug comes into view.
The zap hits the dart slug.
The dart slug is heavily wounded.
The zap hits the dart slug!
You kill the dart slug!
Found 6 poisoned darts.
You now have 264 gold pieces (gained 20).
Found 8 stones.
You now have 266 gold pieces (gained 2).
Found a stone staircase leading down.
You now have 272 gold pieces (gained 6).
You now have 280 gold pieces (gained 8).
Found a staircase to the Ecumenical Temple.
An iguana comes into view.
There is a staircase to the Ecumenical Temple here.
The zap hits the iguana but does no damage.
The zap hits the iguana.
The iguana is lightly wounded.
The zap hits the iguana.
The iguana is lightly wounded.
The zap misses the iguana.
The zap misses the iguana.
The iguana bites you!
You barely miss the iguana. Your peck misses the iguana.
The iguana is lightly wounded.
The iguana bites you.
You hit the iguana.
The iguana is poisoned.
Your kick misses the iguana.
The iguana is moderately wounded.
The iguana bites you but does no damage.
The iguana bites you!
* * * LOW HITPOINT WARNING * * *
You are too injured to fight recklessly!
Unknown command.
Casting: Shock (safe; 1% risk of failure)
Confirm with . or Enter, or press ? or * to list all spells.
You feel quick. The iguana bites you!
You die...

........................####.###.
........................ #.# #.
........................ #.# #.
....................... #.# #.
.....................# #.# #.
.............##...##.# #.# #.
........#..#.##...##.# #.. ..
..###.#.#............# ..#
#.#.#..#....@l...# ..#
#.#.#..#............
...##.#.#..#.##...##.#..
.............##...##...
>.......#..#.........##.
#####..............###
##.##..####.#..# #.##..# #....#
........


You could see an iguana (poisoned).

Vanquished Creatures
  An ogre (D:4)
  A hound (D:4)
  An iguana (D:4)
  3 gnolls (D:2)
  6 adders
  5 river rats (Sewer)
  2 worms
  3 dart slugs
  3 orcs
  9 ball pythons
  6 endoplasms
  7 giant cockroaches
  5 goblins
  5 hobgoblins
  5 jackals
  7 quokkas
  3 bats
  10 frilled lizards
  7 kobolds
  11 rats
100 creatures vanquished.

Notes
Turn   | Place    | Note
-------+----------+-------------------------------------------
     0 | D:1      | bobo the Tengu Air Elementalist began the quest for the
                  | Orb.
     0 | D:1      | Reached XP level 1. HP: 10/10 MP: 4/4
   274 | D:1      | Reached XP level 2. HP: 15/15 MP: 3/6
   748 | D:1      | Reached XP level 3. HP: 19/19 MP: 5/7
   752 | D:1      | Learned a level 3 spell: Swiftness
  1678 | D:2      | Reached skill level 5 in Air Magic
  1678 | D:2      | Reached XP level 4. HP: 18/24 MP: 3/9
  1760 | D:2      | Learned a level 4 spell: Airstrike
  1903 | D:2      | Found a faded altar of an unknown god.
  2463 | D:3      | Identified the +5 spear "Venai" {venom, Str+4}
  2579 | D:3      | Gained mutation: Your magical nature lets you fly swiftly
                  | and evasively. [Tengu growth]
  2579 | D:3      | Reached XP level 5. HP: 26/28 MP: 3/10
  3473 | D:4      | Identified a scroll of acquirement
  3473 | D:4      | Acquired a +0 cloak of willpower
  3482 | D:4      | Noticed an ogre
  3492 | D:4      | Killed an ogre
  3500 | D:4      | Reached skill level 6 in Air Magic
  3500 | D:4      | Reached XP level 6. HP: 32/32 MP: 0/12
  3614 | D:4      | Found a glowing drain.
  3651 | Sewer    | Entered a sewer
  4063 | Sewer    | Reached skill level 5 in Conjurations
  4576 | D:4      | Found a staircase to the Ecumenical Temple.
  4590 | D:4      | Slain by an iguana

Illustrated notes

Levels and vault maps discovered:
D:1:      heliophobic_arrival_enchanted_forest, layout_loops_ring
D:2:      layout_loops_ring, shapermc_ecumenical_altar_ellora,
          serial_park_tiny_pond
D:3:      layout_loops_ring, minmay_between
D:4:      layout_basic, kennysheep_mini, minmay_temple_entry_stoned_glass,
          gup_sewer_entry_glass

Skill      XL: |  1  2  3  4  5  6 |
---------------+-------------------+-----
Conjurations   | 2 3 4 5 |  5.0
Air Magic      | 5 6 |  6.4
Spellcasting   | 3 |  3.9
Dodging        | |  2.2
Stealth        | |  2.0

Action                   |  1- 3 |  4- 6 || total
-------------------------+-------+-------++-------
Melee: Unarmed           |     5 |       ||     5
       Kick              |     2 |     1 ||     3
       Spear             |       |     7 ||     7
 Cast: Shock             |    77 |   128 ||   205
       Swiftness         |       |     1 ||     1
  Use: Scroll            |       |     7 ||     7
Armor: Robe              |     3 |     4 ||     7
Dodge: Dodged            |    14 |    18 ||    32

Table legend: (Time is in decaauts)
 A = Elapsed time spent in this place.
 B = Non-inter-level travel time spent in this place.
 C = Inter-level travel time spent in this place.
 D = Time resting spent in this place.
 E = Time spent auto-exploring this place.
 F = Levels seen in this place.
 G = Mean time per level.
                   A        B        C        D        E       F      G
               +--------+--------+--------+--------+--------+-----+--------+
         Total |   4462 |   4321 |    141 |    152 |   3646 |   5 |  892.4 |
       Dungeon |   3866 |   3725 |    141 |    152 |   3151 |   4 |  966.5 |
         Sewer |    595 |    595 |      0 |      0 |    494 |   1 |  595.0 |
               +--------+--------+--------+--------+--------+-----+--------+

Top non-repeatable levels by time:
     D:2: 1332 daAuts
     D:1: 1100 daAuts
     D:3: 1056 daAuts
   Sewer: 595 daAuts
     D:4: 376 daAuts
